 Dungeon Crawl Stone Soup version 0.30-a0-618-gd6c86c23d0 (webtiles) character file.

Game seed: 3374286890161450963

7 lordwipe the Grave Robber (level 2, 0/20 HPs)
             Began as a Ghoul Necromancer on Jan 9, 2023.
             Frozen to death by an endoplasm (2 damage)
             ... on level 1 of the Dungeon.
             The game lasted 00:08:09 (283 turns).

lordwipe the Grave Robber (Ghoul Necromancer)        Turns: 283, Time: 00:08:10

Health: 0/20       AC:  2    Str: 11      XL:     2   Next: 0%
Magic:  3/3        EV: 11    Int: 10      God:
Gold:   41         SH:  0    Dex:  7 (9)  Spells: 3/4 levels left

rFire   . . .      SeeInvis .    (no weapon)
rCold   + . .      Faith    .    (no shield)
rNeg    + + +      Spirit   .    a - +0 robe
rPois   ∞          Reflect  .    (no helmet)
rElec   .          Harm     .    (no cloak)
rCorr   .          Rampage  .    (no gloves)
Will    .....                    (no boots)
Stlth   ++                       (no amulet)
HPRegen 0.00/turn                (no ring)
MPRegen 0.08/turn                (no ring)

@: inhibited regen
A: claws 1, cold resistance 1, negative energy resistance 3, inhibited
regeneration, torment resistance 2, devour on kill
a: no special abilities


You were on level 1 of the Dungeon.
You visited 1 branch of the dungeon, and saw 1 of its levels.

You collected 41 gold pieces.

Inventory:

Armour
 a - a +0 robe (worn)


   Skills:
 + Level 1.8 Dodging
 + Level 2.2 Stealth
 + Level 1.8 Spellcasting
 + Level 4.3 Necromancy


You had 3 spell levels left.
You knew the following spells:

 Your Spells              Type           Power      Damage    Failure   Level
a - Necrotise             Necr           36%        1d5       5%          1

Your spell library contained the following spells:

 Spells                   Type           Power      Damage    Failure   Level
 Vampiric Draining        Necr           9%         2d6       16%         3
 Animate Dead             Necr           9%         N/A       47%         4
 Agony                    Necr           9%         N/A       83%         5


Dungeon Overview and Level Annotations

Branches:
Dungeon (1/15)

Altars:


Innate Abilities, Weirdness & Mutations

You are immune to poison.
You have sharp fingernails.
Your flesh is cold resistant. (rC+)
You are immune to negative energy. (rN+++)
You do not regenerate when monsters are visible.
You are immune to unholy pain and torment.
You thrive by killing the living.


Message History

The ball python closely misses you. The ball python constricts you.
You escape the ball python's grasp.
The endoplasm attacks as you move away! The endoplasm barely misses you.
The giant cockroach waves its antennae.
The endoplasm attacks as you move away! The endoplasm closely misses you.
The endoplasm barely misses you. The giant cockroach barely misses you.
The ball python bites you. The ball python grabs you.
The ball python constricts you. The giant cockroach bites you.
You escape the ball python's grasp.
The giant cockroach attacks as you move away!
The giant cockroach bites you but does no damage.
The dart slug briefly extends its eye-stalks.
There is a shaft here.
Okay, then.
You barely miss the endoplasm. The ball python barely misses you. x2
The endoplasm misses you. The ball python bites you.
The ball python misses you.
You scratch the endoplasm.
The endoplasm is moderately wounded.
The endoplasm barely misses you.
The ball python bites you but does no damage.
The ball python misses you.
You scratch the ball python.
You kill the ball python!
You feel better. The endoplasm freezes you.
You are frozen.
You resist. The giant cockroach barely misses you.
You have reached level 2!
Unknown command.
Unknown command.
You barely miss the goblin. The endoplasm freezes you.
You are frozen.
You resist.
* * * LOW HITPOINT WARNING * * *
The goblin misses you. The giant cockroach barely misses you.
You closely miss the goblin. The goblin hits you with a +0 club.
* * * LOW HITPOINT WARNING * * *
The endoplasm freezes you.
You are frozen.
You resist.
You die...

#.####.........# ......
##†##..........## ......
.##.)...........###......
....#....................
##'###.........#..†......
#.## #)........#.....####
..# ##........#J....# .##
##.......#JB...# ##
###.....#@gw..# ## #
####..#.....#
.#####≈##≈≈#####.....#
P...~≈≈≈≈# #######
###.~≈≈### #≈≈### ####


You could see a dart slug, 2 endoplasms, a giant cockroach and a goblin.

Vanquished Creatures
  A giant cockroach (D:1)
  2 hobgoblins (D:1)
  A quokka (D:1)
  A ball python (D:1)
  A kobold (D:1)
6 creatures vanquished.

Notes
Turn   | Place    | Note
-------+----------+-------------------------------------------
     0 | D:1      | lordwipe the Ghoul Necromancer began the quest for the Orb.
     0 | D:1      | Reached XP level 1. HP: 14/14 MP: 2/2
   282 | D:1      | Reached XP level 2. HP: 7/20 MP: 3/3
   283 | D:1      | Frozen to death by an endoplasm

Illustrated notes

Levels and vault maps discovered:
D:1:      dpeg_cavernosity, layout_basic

Action                   || total
-------------------------++-------
Melee: Unarmed           ||    34
 Cast: Necrotise         ||     3
  Use: Potion            ||     2
       Scroll            ||     1
 Stab: Sleeping          ||     1
Armor: Robe              ||     6
Dodge: Dodged            ||    34

Table legend: (Time is in decaauts)
 A = Elapsed time spent in this place.
 B = Non-inter-level travel time spent in this place.
 C = Inter-level travel time spent in this place.
 D = Time resting spent in this place.
 E = Time spent auto-exploring this place.
 F = Levels seen in this place.
 G = Mean time per level.
                   A        B        C        D        E       F      G
               +--------+--------+--------+--------+--------+-----+--------+
         Total |    283 |     68 |    215 |      0 |      0 |   1 |  283.0 |
       Dungeon |    283 |     68 |    215 |      0 |      0 |   1 |  283.0 |
               +--------+--------+--------+--------+--------+-----+--------+

Top non-repeatable levels by time:
     D:1: 283 daAuts
